 Dungeon Sprint DCSS version 0.17-a0-2069-g0f4ee5b (webtiles) character file.

541050 Kidiri the Minotaur Barricade (level 21, -24/224 HPs)
             Began as a Minotaur Fighter on Oct 13, 2015.
             Was the Champion of the Shining One.
             Killed from afar by Lom Lobon (58 damage)
             ... with a great icy blast
             ... in the Dungeon (Sprint IX: "|||||||||||||||||||||||||||||").
             The game lasted 01:06:26 (15921 turns).

Kidiri the Minotaur Barricade (Minotaur Fighter)   Turns: 15921, Time: 01:06:27

Health: -24/224    AC: 37    Str: 53    XL:     21   Next: 88%
Magic:  46/46      EV: 26    Int:  8    God:    the Shining One [******]
Gold:   1929       SH: 52    Dex: 14    Spells: 0 memorised, 47 levels left

rFire  + + .     SeeInvis .     a - +9 morningstar (holy)
rCold  + + .     Clarity  .     H - +5 plate armour {rF+}
rNeg   + + +     SustAt   .     o - +4 large shield
rPois  +         Gourm    .     t - +2 hat
rElec  +         Spirit   .     E - +2 cloak {+Inv}
rCorr  +         Warding  .     P - +0 pair of gloves "Naulimuh" {Str+8}
rMut   .         NoTele   +     b - +0 pair of boots of Wudoys {rC- Str+4 Stlth+}
MR     +....                    n - amulet "Fosiys" {rCorr +Inv MP+9 Int+3 Slay-5}
Stlth  ++........               l - ring "Hero's Friend" {rElec rC+ Str+8 Dex-3}
                                s - ring of Mimy {rC+ Str+5}

@: exhausted, divine shield, slowed, glowing, very slow, somewhat resistant to
hostile enchantments, unstealthy
A: retaliatory headbutt, horns 2, cold resistance 1, fire resistance 1, mutation
resistance 1, poison resistance, strong 2, wild magic 1
a: Divine Shield, Cleansing Flame, Summon Divine Warrior, Renounce Religion,
Evoke Invisibility
}: 9/15 runes: decaying, serpentine, barnacled, slimy, elven, silver, golden,
abyssal, gossamer


You were in the Dungeon.
You worshipped the Shining One.
The Shining One was exalted by your worship.
You were not hungry.

You visited 1 branch You collected 1929 gold pieces.

Inventory:

Hand Weapons
 a - a +9 morningstar of holy wrath (weapon)
Missiles
 c - 42 javelins of penetration (quivered)
 J - a throwing net
Armour
 b - the +0 pair of boots of Wudoys (worn) {rC- Str+4 Stlth+}
   (Okawaru gifted it to you in the Dungeon)

   It affects your strength (+4).
   It makes you vulnerable to cold.
   It makes you more stealthy.
 o - a +4 large shield (worn)
 t - a +2 hat (worn)
 E - a +2 cloak of invisibility (worn)
 H - a +5 plate armour of fire resistance (worn)
 P - the +0 pair of gloves "Naulimuh" (worn) {Str+8}
   (You found it in the Dungeon)

   It affects your strength (+8).
Jewellery
 l - the ring "Hero's Friend" (right hand) {rElec rC+ Str+8 Dex-3}
   (You found it in the Dungeon)

   [ring of protection from cold]

   It affects your strength (+8).
   It affects your dexterity (-3).
   It protects you from cold.
   It insulates you from electricity.
 n - the amulet "Fosiys" (around neck) {rCorr +Inv MP+9 Int+3 Slay-5}
   (You found it in the Dungeon)

   [amulet of resist corrosion]

   It protects you from acid and corrosion.
   It affects your intelligence (+3).
   It affects your accuracy and damage with ranged weapons and melee attacks
   (-5).
   It affects your magic capacity (+9).
   It lets you turn invisible.
 s - the ring of Mimy (left hand) {rC+ Str+5}
   (You found it in the Dungeon)

   [ring of protection from cold]

   It affects your strength (+5).
   It protects you from cold.
Wands
 d - a wand of magic darts (9)
 p - a wand of cold (7)
 x - a wand of invisibility (5)
 D - a wand of invisibility (3)
 G - a wand of hasting (5)
Scrolls
 k - 2 scrolls of blinking
 u - 6 scrolls of recharging
 y - 2 scrolls of remove curse
 C - a scroll of fear
Potions
 f - 3 potions of curing
 h - 3 potions of haste
 i - 4 potions of magic
 m - a potion of invisibility
 w - 4 potions of brilliance
 B - a potion of agility
 F - a potion of lignification
 I - a potion of ambrosia
 Q - 5 potions of cure mutation
 R - a potion of resistance
Comestibles
 e - 2 bread rations
 z - 40 fruits
 A - 12 meat rations


   Skills:
 O Level 27 Fighting
 O Level 27 Maces & Flails
 O Level 27 Throwing
 O Level 27 Armour
 O Level 27 Dodging
 O Level 27 Stealth
 O Level 27 Shields
 + Level 19.6 Unarmed Combat
 + Level 13.6 Spellcasting
 O Level 27 Invocations
 O Level 27 Evocations


You had 47 spell levels left.
You didn't know any spells.

Dungeon Overview and Level Annotations

Branches:
Dungeon (1/1)

Altars:
Cheibriados
Dithmenos
Elyvilon
Fedhas
Gozag
Kikubaaqudgha
Makhleb
Nemelex Xobeh
Okawaru
Qazlal
Ru
Sif Muna
Trog
Vehumet
Xom
Yredelemnul
Zin
The Shining One
Beogh
Jiyva
Lugonu

Shops:
D ?%*(

Annotations:
D Dispater, Lom Lobon


Innate Abilities, Weirdness & Mutations

You reflexively headbutt those who attack you in melee.
You have a pair of horns on your head.
Your flesh is cold resistant.
Your flesh is heat resistant.
You are somewhat resistant to further mutation.
Your system is resistant to poisons.
Your muscles are very strong. (Str +4)
Your spells are a little harder to cast, but a little more powerful.


Message History

* * * LOW HITPOINT WARNING * * *
You block Lom Lobon's attack.
Unknown command.
You completely miss Lom Lobon. You headbutt Lom Lobon!!
Lom Lobon is heavily wounded.
You are engulfed in freezing vapours.
You resist.
Unknown command.
You crush Lom Lobon like a grape!!!
Lom Lobon convulses!!
You headbutt Lom Lobon!!
Lom Lobon is severely wounded.
You are engulfed in freezing vapours.
You resist.
Lom Lobon blinks!
Unknown command.
You feel a strong urge to attack something.
You are no longer berserk.
You are exhausted.
You feel yourself slow down. Lom Lobon gestures at you.
Lom Lobon conjures a mighty blast of ice!
The great icy blast engulfs you! You partially resist.
You die...

..............................▓
▓▓▓♣♣♣♣♣♣♣♣♣♣♣♣▓▓▓▓▓▓▓▓▓▓▓▓▓▓)▓
)))........))))...........)_))▓
▓▓▓♣♣♣♣♣♣♣♣♣♣♣♣▓▓▓▓▓▓▓▓▓▓▓▓▓▓▓▓
..............................▓
▓▓▓▓▓▓▓▓▓▓▓▓▓▓▓▓▓▓▓▓▓▓▓▓▓▓▓▓▓.▓
'..........'............'.....▓
▓▓▓▓▓▓▓▓▓▓▓▓▓▓▓▓▓▓▓▓▓▓▓▓▓▓▓▓▓▓▓
.............§§.@§&...........▓
▓▓▓▓▓▓▓▓▓▓▓▓▓▓▓▓▓▓▓▓▓▓▓▓▓▓▓▓▓.▓
§§..§.........................▓
▓▓▓▓▓▓▓▓▓▓▓▓▓▓▓▓▓▓▓▓▓▓▓▓▓▓▓▓▓▓▓


You could see Lom Lobon.

Vanquished Creatures
  the royal jelly (D)
  6 ancient liches (D)
  4 orbs of fire (D)
  Mara (D)
  Mennas (D)
  7 greater mummies (D)
  Boris (D)
  Frederick (D)
  Margery (D)
  Norris (D)
  A golden dragon (D)
  Geryon (D)
  Jory (D)
  Xtahua (D)
  A bone dragon (D)
  3 electric golems (D)
  2 tentacled monstrosities (D)
  27 Orb Guardians (D)
  A titan (D)
  4 deep elf blademasters (D)
  2 deep elf master archers (D)
  A quicksilver dragon (D)
  13 acid blobs (D)
  2 death cobs (D)
  2 liches (D)
  13 sphinxes (D)
  A thorn hunter (D)
  8 azure jellies (D)
  7 storm dragons (D)
  7 shadow dragons (D)
  A draconian monk (D)
  Ilsuiw (D)
  9 greater nagas (D)
  4 fire giants (D)
  4 frost giants (D)
  A draconian knight (D)
  4 ghost moths (D)
  An orc warlord (D)
  5 emperor scorpions (D)
  4 deep elf sorcerers (D)
  Louise (D)
  A draconian scorcher (D)
  A vault warden (D)
  2 draconian zealots (D)
  A spriggan defender (D)
  A war gargoyle (D)
  2 ironheart preservers (D)
  2 draconian callers (D)
  5 stone giants (D)
  8 vampire knights (D)
  Nessos (D)
  2 green draconians (D)
  A deep elf demonologist (D)
  2 black draconians (D)
  3 deep elf annihilators (D)
  3 white draconians (D)
  3 red draconians (D)
  A salamander stormcaller (D)
  2 ettins (D)
  A yellow draconian (D)
  4 mottled draconians (D)
  2 minotaurs (D)
  25 vault guards (D)
  5 merfolk javelineers (D)
  2 death oozes (D)
  3 deep elf death magi (D)
  A crystal guardian (D)
  4 fire dragons (D)
  3 merfolk impalers (D)
  A mummy priest (D)
  Josephine (D)
  A deep elf high priest (D)
  Erolcha (D)
  8 hydras (D)
  5 yaktaur captains (D)
  2 rakshasas (D)
  4 ice dragons (D)
  2 merfolk avatars (D)
  A catoblepas (D)
  2 great orbs of eyes (D)
  5 merfolk aquamancers (D)
  An alligator (D)
  An ogre mage (D)
  4 centaur warriors (D)
  2 shock serpents (D)
  2 tengu warriors (D)
  A deep troll earth mage (D)
  6 orc high priests (D)
  4 deep elf knights (D)
  5 hell knights (D)
  2 sea snakes (D)
  An unseen horror (D)
  A harpy (D)
  8 ironbrand convokers (D)
  2 hill giants (D)
  2 ugly things (D)
  7 swamp dragons (D)
  11 orc knights (D)
  A wizard (D)
  2 mana vipers (D)
  2 hornets (D)
  A large abomination (D)
  2 orb spiders (D)
  An orb spider (shapeshifter) (D)
  5 wolf spiders (D)
  A griffon (D)
  An orc sorcerer (D)
  2 manticores (D)
  13 moths of wrath (D)
  4 vault sentinels (D)
  A siren (D)
  2 naga magi (D)
  3 guardian serpents (D)
  2 black mambas (D)
  3 spiny frogs (D)
  A demonic crawler (D)
  2 komodo dragons (D)
  2 ancient zymes (D)
  A yaktaur (D)
  3 trolls (D)
  4 small abominations (D)
  20 guardian mummies (D)
  A fire drake (D)
  A freezing wraith (D)
  2 queen bees (shapeshifter) (D)
  A wandering mushroom (D)
  3 giant leeches (D)
  2 jumping spiders (shapeshifter) (D)
  A wind drake (D)
  6 merfolk (D)
  A raiju (D)
  A slime creature (D)
  2 blink frogs (D)
  3 redbacks (D)
  12 spriggans (D)
  5 wraiths (D)
  A flying skull (D)
  2 trapdoor spiders (D)
  A trapdoor spider (shapeshifter) (D)
  A golden eye (D)
  A basilisk (D)
  2 deep elf magi (D)
  2 tarantellas (D)
  4 vampire mosquitoes (D)
  A wyvern (D)
  2 deep elf fighters (D)
  A hippogriff (D)
  2 water moccasins (D)
  4 porcupines (D)
  2 mottled dragons (D)
  2 nagas (D)
  A swamp drake (D)
  2 wasps (D)
  8 orc warriors (D)
  A sky beast (D)
  An ogre (D)
  An ice beast (D)
  2 crocodiles (D)
  A centaur (D)
  5 giant frogs (D)
  2 crimson imps (D)
  5 orc wizards (D)
  6 orc priests (D)
  A quasit (D)
  A hound (D)
  A worker ant (D)
  A sheep (D)
  An adder (D)
  A white imp (D)
  A giant eyeball (D)
  A shadow imp (D)
  6 orcs (D)
  2 goblins (D)
  A jackal (D)
  A ball python (D)
  A rat (D)
  A crawling corpse (D)
544 creatures vanquished.

Vanquished Creatures (collateral kills)
  Gloorx Vloq (D)
1 creature vanquished.

Vanquished Creatures (others)
  Ereshkigal (D)
  Nikola (D)
  A vampire knight (D)
  An alligator (D)
  12 ball lightnings (D)
  A guardian serpent (D)
17 creatures vanquished.

Grand Total: 562 creatures vanquished

Notes
Turn   | Place    | Note
--------------------------------------------------------------
     0 | D        | Kidiri the Minotaur Fighter began the quest for the Orb.
     0 | D        | Reached XP level 1. HP: 19/19 MP: 0/0
     6 | D        | Reached skill level 4 in Shields
    14 | D        | Reached skill level 1 in Dodging
    89 | D        | Noticed a crimson imp
    89 | D        | Noticed an ice beast
    89 | D        | Noticed an orc wizard
    99 | D        | Killed an ice beast
    99 | D        | Reached skill level 5 in Fighting
    99 | D        | Reached skill level 5 in Maces & Flails
    99 | D        | Reached skill level 6 in Armour
    99 | D        | Reached XP level 2. HP: 25/29 MP: 1/1
    99 | D        | Reached XP level 3. HP: 31/36 MP: 2/2
    99 | D        | Reached XP level 4. HP: 36/42 MP: 3/3
   106 | D        | Killed an orc wizard
   113 | D        | Killed a crimson imp
   113 | D        | Reached skill level 5 in Dodging
   113 | D        | Reached skill level 7 in Shields
   113 | D        | Reached XP level 5. HP: 36/50 MP: 4/4
   213 | D        | Found a glowing silver altar of Zin.
   213 | D        | Found a glowing golden altar of the Shining One.
   213 | D        | Found an ancient bone altar of Kikubaaqudgha.
   213 | D        | Found a basalt altar of Yredelemnul.
   213 | D        | Found a shimmering altar of Xom.
   213 | D        | Found a radiant altar of Vehumet.
   214 | D        | Found an iron altar of Okawaru.
   215 | D        | Found a burning altar of Makhleb.
   216 | D        | Found a deep blue altar of Sif Muna.
   217 | D        | Found a bloodstained altar of Trog.
   218 | D        | Found a sparkling altar of Nemelex Xobeh.
   219 | D        | Found a white marble altar of Elyvilon.
   220 | D        | Found a roughly hewn altar of Beogh.
   221 | D        | Found a viscous altar of Jiyva.
   222 | D        | Became a worshipper of Warmaster Okawaru
   223 | D        | Found a corrupted altar of Lugonu.
   224 | D        | Found a blossoming altar of Fedhas.
   225 | D        | Found a snail-covered altar of Cheibriados.
   226 | D        | Found a shadowy altar of Dithmenos.
   227 | D        | Found a stormy altar of Qazlal.
   228 | D        | Found an opulent altar of Gozag.
   229 | D        | Found a sacrificial altar of Ru.
   278 | D        | Noticed a worker ant
   278 | D        | Noticed a hill giant
   278 | D        | Noticed a centaur
   278 | D        | Noticed a hound
   278 | D        | Noticed an ogre
   283 | D        | Killed an ogre
   283 | D        | Reached skill level 1 in Invocations
   291 | D        | Killed a hill giant
   291 | D        | Reached * piety under Okawaru
   291 | D        | Reached ** piety under Okawaru
   291 | D        | Reached skill level 9 in Maces & Flails
   291 | D        | Reached XP level 6. HP: 47/60 MP: 4/7
   291 | D        | Reached XP level 7. HP: 51/66 MP: 4/8
   294 | D        | Killed a hound
   296 | D        | Killed a centaur
   297 | D        | Killed a worker ant
   297 | D        | Reached skill level 10 in Shields
   385 | D        | Noticed a troll
   385 | D        | Noticed a centaur warrior
   385 | D        | Noticed a centaur warrior
   385 | D        | Noticed a centaur warrior
   385 | D        | Noticed a giant frog
   385 | D        | Noticed a komodo dragon
   389 | D        | Killed a komodo dragon
   389 | D        | Reached skill level 10 in Maces & Flails
   389 | D        | Reached skill level 10 in Armour
   389 | D        | Reached XP level 8. HP: 44/74 MP: 6/10
   394 | D        | Killed a centaur warrior
   394 | D        | Reached *** piety under Okawaru
   394 | D        | Reached skill level 11 in Armour
   394 | D        | Reached skill level 5 in Invocations
   398 | D        | Killed a centaur warrior
   398 | D        | Reached **** piety under Okawaru
   398 | D        | Reached ***** piety under Okawaru
   398 | D        | Reached skill level 10 in Dodging
   398 | D        | Reached XP level 9. HP: 40/83 MP: 7/12
   401 | D        | Killed a centaur warrior
   401 | D        | Reached skill level 12 in Maces & Flails
   402 | D        | Killed a giant frog
   410 | D        | Killed a troll
   765 | D        | Noticed a porcupine
   765 | D        | Noticed a komodo dragon
   765 | D        | Noticed a spiny frog
   765 | D        | Noticed a five-headed hydra
   765 | D        | Noticed a porcupine
   765 | D        | Noticed a crocodile
   767 | D        | Killed a crocodile
   768 | D        | Noticed a blink frog
   772 | D        | Killed a five-headed hydra
   772 | D        | Received a gift from Okawaru
   772 | D        | Reached skill level 10 in Fighting
   772 | D        | Reached skill level 13 in Armour
   772 | D        | Reached XP level 10. HP: 83/93 MP: 5/14
   773 | D        | Got a pair of translucent gloves {god gift}
   774 | D        | Killed a porcupine
   776 | D        | Noticed a fire drake
   779 | D        | Noticed a black mamba
   779 | D        | Killed a spiny frog
   784 | D        | Killed a komodo dragon
   786 | D        | Killed a porcupine
   788 | D        | Killed a blink frog
   794 | D        | Killed a fire drake
   800 | D        | Killed a black mamba
   811 | D        | Identified the +2 pair of gloves of Nobility {Str+2} (Okawaru gifted it to you in the Dungeon)
   928 | D        | Noticed a blink frog
   928 | D        | Noticed a water moccasin
   928 | D        | Noticed a porcupine
   928 | D        | Noticed a spiny frog
   928 | D        | Noticed a catoblepas
   929 | D        | Noticed a crocodile
   936 | D        | Noticed an eight-headed hydra
   959 | D        | Killed a catoblepas
   965 | D        | Killed an eight-headed hydra
   965 | D        | Reached skill level 14 in Maces & Flails
   969 | D        | Killed a spiny frog
   972 | D        | Killed a porcupine
   973 | D        | Noticed a porcupine
   975 | D        | Killed a water moccasin
   984 | D        | Killed a blink frog
   991 | D        | Killed a crocodile
   991 | D        | Reached XP level 11. HP: 33/102 MP: 10/15
   993 | D        | Killed a porcupine
  1258 | D        | Noticed a spiny frog
  1258 | D        | Noticed a vampire mosquito
  1258 | D        | Noticed a giant frog
  1258 | D        | Noticed a giant leech
  1258 | D        | Noticed a giant leech
  1258 | D        | Noticed a giant frog
  1259 | D        | Killed a giant frog
  1261 | D        | Noticed a giant frog
  1263 | D        | Killed a giant leech
  1269 | D        | Noticed a vampire mosquito
  1278 | D        | Killed a giant leech
  1280 | D        | Killed a giant frog
  1282 | D        | Killed a vampire mosquito
  1290 | D        | Killed a spiny frog
  1293 | D        | Killed a giant frog
  1301 | D        | Killed a vampire mosquito
  1526 | D        | Noticed an orc priest
  1526 | D        | Noticed an orc priest
  1526 | D        | Noticed an orc priest
  1526 | D        | Noticed an orc wizard
  1526 | D        | Noticed an orc knight
  1532 | D        | Killed an orc knight
  1536 | D        | Killed an orc wizard
  1537 | D        | Noticed an orc priest
  1540 | D        | Killed an orc priest
  1542 | D        | Noticed an orc wizard
  1544 | D        | Killed an orc priest
  1546 | D        | Killed an orc priest
  1549 | D        | Noticed an orc wizard
  1552 | D        | Noticed an orc warrior
  1556 | D        | Killed an orc priest
  1559 | D        | Killed an orc wizard
  1565 | D        | Killed an orc wizard
  1570 | D        | Killed an orc warrior
  1570 | D        | Reached skill level 15 in Shields
  1725 | D        | Noticed an orc warrior
  1725 | D        | Noticed an orc sorcerer
  1725 | D        | Noticed an orc warrior
  1725 | D        | Noticed an orc warrior
  1725 | D        | Noticed an orc warrior
  1725 | D        | Noticed an orc warrior
  1726 | D        | Noticed an orc wizard
  1731 | D        | Killed an orc warrior
  1731 | D        | Reached skill level 15 in Armour
  1732 | D        | Noticed an orc high priest
  1733 | D        | Killed an orc warrior
  1734 | D        | Noticed an orc knight
  1741 | D        | Killed an orc warrior
  1743 | D        | Killed an orc sorcerer
  1744 | D        | Noticed an orc warrior
  1745 | D        | Killed an orc warrior
  1749 | D        | Killed an orc warrior
  1749 | D        | Reached skill level 15 in Maces & Flails
  1750 | D        | Noticed an orc knight
  1755 | D        | Killed an orc wizard
  1759 | D        | Noticed an orc priest
  1764 | D        | Killed an orc high priest
  1773 | D        | Killed an orc knight
  1775 | D        | Killed an orc warrior
  1780 | D        | Killed an orc knight
  1780 | D        | Received a gift from Okawaru
  1783 | D        | Killed an orc priest
  1792 | D        | Got a pair of crude boots {god gift}
  1798 | D        | Identified the +0 pair of boots of Wudoys {rC- Str+4 Stlth+} (Okawaru gifted it to you in the Dungeon)
  1916 | D        | Found Uzoybb's Weapon Boutique.
  1916 | D        | Noticed an orc knight
  1916 | D        | Noticed an orc knight
  1916 | D        | Noticed an orc high priest
  1916 | D        | Noticed an orc high priest
  1916 | D        | Noticed an orc knight
  1920 | D        | Noticed an orc high priest
  1923 | D        | Killed an orc knight
  1924 | D        | Noticed an orc high priest
  1927 | D        | Killed an orc high priest
  1928 | D        | Found Tekibema's General Store.
  1931 | D        | Noticed an orc knight
  1932 | D        | Killed an orc high priest
  1937 | D        | Killed an orc knight
  1937 | D        | Reached skill level 16 in Shields
  1946 | D        | Killed an orc knight
  1947 | D        | Found Minehigaec's Food Boutique.
  1952 | D        | Killed an orc high priest
  1956 | D        | Killed an orc high priest
  1956 | D        | Reached XP level 12. HP: 79/113 MP: 12/18
  1957 | D        | Found Nasmeidd's Magic Scroll Shop.
  1963 | D        | Killed an orc knight
  1964 | D        | Noticed an orc high priest
  1965 | D        | Noticed an orc knight
  1966 | D        | Noticed an orc knight
  1967 | D        | Noticed an orc knight
  1968 | D        | Noticed an orc knight
  1976 | D        | Killed an orc high priest
  1985 | D        | Killed an orc knight
  1985 | D        | Reached skill level 15 in Dodging
  1992 | D        | Killed an orc knight
  1999 | D        | Killed an orc knight
  2003 | D        | Killed an orc knight
  2003 | D        | Reached skill level 10 in Invocations
  2257 | D        | Noticed a wraith
  2259 | D        | Noticed a wraith
  2260 | D        | Noticed Josephine
  2262 | D        | Noticed a wraith
  2264 | D        | Killed a wraith
  2265 | D        | Noticed a wraith
  2269 | D        | Killed a wraith
  2270 | D        | Noticed a wraith
  2274 | D        | Killed Josephine
  2279 | D        | Killed a wraith
  2281 | D        | Killed a wraith
  2281 | D        | Reached skill level 17 in Shields
  2284 | D        | Killed a wraith
  2477 | D        | Noticed a hill giant
  2477 | D        | Noticed a queen bee
  2477 | D        | Noticed a sky beast
  2477 | D        | Noticed a manticore
  2477 | D        | Noticed a slime creature
  2481 | D        | Killed a slime creature
  2484 | D        | Killed a manticore
  2485 | D        | Killed an unseen horror
  2486 | D        | Noticed a wyvern
  2487 | D        | Killed a sky beast
  2488 | D        | Noticed a manticore
  2490 | D        | Noticed a frost giant
  2492 | D        | Killed a queen bee
  2497 | D        | Killed a hill giant
  2498 | D        | Noticed a tengu warrior
  2499 | D        | Noticed a cyan ugly thing
  2500 | D        | Killed a wyvern
  2504 | D        | Noticed a yaktaur
  2507 | D        | Killed a frost giant
  2510 | D        | Killed a manticore
  2515 | D        | Killed a tengu warrior
  2515 | D        | Received a gift from Okawaru
  2516 | D        | Got a jewelled mace {god gift}
  2517 | D        | Noticed a lich
  2520 | D        | Noticed a deep troll earth mage
  2524 | D        | Killed a cyan ugly thing
  2525 | D        | Noticed a rakshasa
  2527 | D        | Killed a yaktaur
  2532 | D        | Killed a lich
  2535 | D        | Killed a deep troll earth mage
  2535 | D        | Received a gift from Okawaru
  2535 | D        | Reached skill level 18 in Shields
  2535 | D        | Reached XP level 13. HP: 121/123 MP: 15/20
  2550 | D        | Killed a deep troll earth mage
  2560 | D        | Killed a rakshasa
  2587 | D        | Gained mutation: You have supernaturally acute eyesight. [mutagenic meat]
  2588 | D        | Gained mutation: Your flesh is heat resistant. [mutagenic meat]
  2589 | D        | Gained mutation: Your muscles are strong. (Str +2) [mutagenic meat]
  2590 | D        | Gained mutation: Your system is resistant to poisons. [mutagenic meat]
  2591 | D        | Gained mutation: You possess an exceptional clarity of mind. [mutagenic meat]
  2592 | D        | Gained mutation: Your spells are a little harder to cast, but a little more powerful. [mutagenic meat]
  2593 | D        | Gained mutation: You are somewhat resistant to further mutation. [mutagenic meat]
  2594 | D        | Lost mutation: You possess an exceptional clarity of mind. [mutagenic meat]
  2595 | D        | Gained mutation: Your body sometimes deteriorates upon taking damage. [mutagenic meat]
  2597 | D        | Identified the +11 mace of Intuition {freeze, Dex+3} (Okawaru gifted it to you in the Dungeon)
  2650 | D        | Noticed Nessos
  2665 | D        | Killed Nessos
  2709 | D        | Noticed Erolcha
  2716 | D        | Killed Erolcha
  2784 | D        | Noticed an orb spider
  2784 | D        | Noticed a tarantella
  2784 | D        | Noticed a hornet
  2784 | D        | Noticed an orb spider
  2784 | D        | Noticed a demonic crawler
  2788 | D        | Killed a demonic crawler
  2789 | D        | Killed an orb spider
  2795 | D        | Killed a hornet
  2797 | D        | Noticed a wolf spider
  2798 | D        | Noticed a tarantella
  2800 | D        | Killed a tarantella
  2801 | D        | Noticed a trapdoor spider
  2804 | D        | Killed an orb spider
  2809 | D        | Killed a wolf spider
  2810 | D        | Killed a tarantella
  2813 | D        | Killed a trapdoor spider
  2844 | D        | Noticed a trapdoor spider
  2845 | D        | Killed a trapdoor spider
  2847 | D        | Noticed a wind drake
  2847 | D        | Noticed a sea snake
  2847 | D        | Noticed a hippogriff
  2847 | D        | Noticed a siren
  2847 | D        | Noticed a sea snake
  2847 | D        | Noticed a merfolk
  2848 | D        | Noticed a merfolk javelineer
  2850 | D        | Killed a merfolk
  2853 | D        | Killed a sea snake
  2854 | D        | Noticed a merfolk avatar
  2857 | D        | Noticed a merfolk avatar
  2859 | D        | Killed a siren
  2864 | D        | Killed a hippogriff
  2870 | D        | Killed a sea snake
  2872 | D        | Killed a wind drake
  2875 | D        | Killed a merfolk javelineer
  2881 | D        | Killed a merfolk avatar
  2881 | D        | Received a gift from Okawaru
  2881 | D        | Reached skill level 19 in Shields
  2886 | D        | Killed a merfolk avatar
  2928 | D        | Noticed a shock serpent
  2928 | D        | Noticed a naga mage
  2928 | D        | Noticed a naga
  2928 | D        | Noticed a black mamba
  2928 | D        | Noticed a mana viper
  2928 | D        | Noticed a guardian serpent
  2929 | D        | Killed a naga
  2932 | D        | Killed a guardian serpent
  2934 | D        | Killed a mana viper
  2936 | D        | Noticed a guardian serpent
  2940 | D        | Noticed a shock serpent
  2940 | D        | Killed a naga mage
  2941 | D        | Killed a black mamba
  2942 | D        | Noticed a mana viper
  2946 | D        | Killed a shock serpent
  2951 | D        | Killed a guardian serpent
  2954 | D        | Killed a shock serpent
  2957 | D        | Killed a mana viper
  3131 | D        | Noticed a thorn hunter
  3131 | D        | Noticed a vampire mosquito
  3131 | D        | Noticed an alligator
  3131 | D        | Noticed a swamp drake
  3131 | D        | Noticed a spriggan rider
  3131 | D        | Noticed an eight-headed hydra
  3135 | D        | Killed an eight-headed hydra
  3139 | D        | Noticed a wasp
  3140 | D        | Killed an alligator
  3141 | D        | Killed a wasp
  3142 | D        | Killed a spriggan
  3143 | D        | Noticed a giant leech
  3144 | D        | Noticed an alligator
  3154 | D        | Killed a thorn hunter
  3156 | D        | Killed a swamp drake
  3159 | D        | Killed a vampire mosquito
  3160 | D        | Killed a wasp
  3169 | D        | Killed a giant leech
  3172 | D        | Killed an alligator
  3297 | D        | Noticed a yaktaur captain
  3297 | D        | Noticed a fire dragon
  3297 | D        | Noticed a fire giant
  3297 | D        | Noticed an ice dragon
  3297 | D        | Noticed a rakshasa
  3297 | D        | Noticed a frost giant
  3304 | D        | Killed a frost giant
  3304 | D        | Reached skill level 15 in Fighting
  3309 | D        | Noticed a spriggan defender
  3310 | D        | Killed a rakshasa
  3311 | D        | Killed a rakshasa
  3312 | D        | Noticed a stone giant
  3313 | D        | Noticed a storm dragon
  3320 | D        | Killed an ice dragon
  3329 | D        | Killed a fire giant
  3329 | D        | Reached skill level 20 in Shields
  3329 | D        | Reached XP level 14. HP: 97/135 MP: 16/22
  3332 | D        | Killed a fire dragon
  3335 | D        | Noticed a hippogriff
  3339 | D        | Killed a yaktaur captain
  3340 | D        | Noticed a fire giant
  3341 | D        | a hippogriff changed into a raiju
  3346 | D        | Noticed a great orb of eyes
  3348 | D        | Killed a spriggan defender
  3352 | D        | Killed a stone giant
  3355 | D        | Noticed an ettin
  3362 | D        | Killed a storm dragon
  3362 | D        | Received a gift from Okawaru
  3367 | D        | Noticed a stone giant
  3368 | D        | Killed a fire giant
  3376 | D        | Noticed an ettin
  3376 | D        | Killed a great orb of eyes
  3378 | D        | Noticed a lich
  3382 | D        | Killed an ettin
  3383 | D        | Noticed a sphinx
  3389 | D        | Killed a stone giant
  3394 | D        | Killed an ettin
  3397 | D        | Noticed a tentacled monstrosity
  3400 | D        | Killed a lich
  3400 | D        | Reached skill level 21 in Shields
  3409 | D        | Paralysed by a sphinx for 5 turns
  3417 | D        | Killed a sphinx
  3417 | D        | Reached ****** piety under Okawaru
  3417 | D        | Received a gift from Okawaru
  3814 | D        | Noticed a brown ugly thing
  3814 | D        | Noticed an ironheart preserver
  3814 | D        | Noticed a jumping spider
  3814 | D        | Noticed a wizard
  3814 | D        | Noticed a deep elf knight
  3814 | D        | Noticed a wolf spider
  3817 | D        | Killed a wolf spider
  3819 | D        | Killed a deep elf knight
  3820 | D        | Noticed a vault sentinel
  3827 | D        | Noticed an orb spider
  3828 | D        | Killed an ironheart preserver
  3829 | D        | Noticed an ironbrand convoker
  3831 | D        | Killed a wizard
  3833 | D        | Noticed a centaur warrior
  3834 | D        | Killed a brown ugly thing
  3835 | D        | Noticed a vault sentinel
  3836 | D        | Killed a jumping spider
  3837 | D        | Noticed a great orb of eyes
  3840 | D        | Noticed an ironbrand convoker
  3842 | D        | Killed a vault sentinel
  3843 | D        | Noticed a griffon
  3845 | D        | Killed an orb spider
  3846 | D        | Noticed an ironbrand convoker
  3848 | D        | Killed an ironbrand convoker
  3849 | D        | Noticed a yaktaur captain
  3856 | D        | Killed a centaur warrior
  3857 | D        | Noticed a guardian serpent
  3864 | D        | Killed a vault sentinel
  3865 | D        | Noticed a harpy
  3868 | D        | Killed a great orb of eyes
  3869 | D        | Noticed a yaktaur captain
  3872 | D        | Killed an ironbrand convoker
  3873 | D        | Noticed a freezing wraith
  3878 | D        | Killed a griffon
  3878 | D        | Received a gift from Okawaru
  3879 | D        | Noticed an ironbrand convoker
  3879 | D        | a guardian serpent changed into a trapdoor spider
  3881 | D        | Killed an ironbrand convoker
  3886 | D        | Killed a yaktaur captain
  3890 | D        | Killed a harpy
  3896 | D        | Noticed a white draconian
  3896 | D        | Noticed a guardian mummy
  3896 | D        | Noticed a guardian mummy
  3896 | D        | Noticed a sphinx
  3896 | D        | Killed a yaktaur captain
  3906 | D        | Killed a freezing wraith
  3911 | D        | Killed a guardian mummy
  3914 | D        | Killed an ironbrand convoker
  3923 | D        | Killed a white draconian
  3927 | D        | Killed a guardian mummy
  3935 | D        | Killed a sphinx
  3935 | D        | Reached skill level 22 in Armour
  3935 | D        | Reached XP level 15. HP: 75/145 MP: 20/24
  3969 | D        | Lost mutation: You have supernaturally acute eyesight. [mutagenic meat]
  4154 | D        | Noticed Xtahua
  4154 | D        | Noticed Margery
  4154 | D        | Noticed a hell knight
  4154 | D        | Noticed a hell knight
  4155 | D        | Noticed a hell knight
  4160 | D        | Killed a hell knight
  4161 | D        | Noticed a hell knight
  4166 | D        | Noticed a hell knight
  4167 | D        | Noticed Boris
  4173 | D        | Killed Xtahua
  4183 | D        | Noticed Mara
  4184 | D        | Killed Margery
  4184 | D        | Received a gift from Okawaru
  4185 | D        | Noticed Kidiri's illusion
  4191 | D        | Killed a hell knight
  4202 | D        | Killed Boris
  4207 | D        | Killed a hell knight
  4212 | D        | Noticed Louise
  4212 | D        | Killed a hell knight
  4237 | D        | Killed a hell knight
  4267 | D        | Killed Kidiri's illusion
  4269 | D        | Noticed Kidiri's illusion
  4300 | D        | Killed Louise
  4305 | D        | Killed Mara
  4347 | D        | Killed Kidiri's illusion
  4364 | D        | Noticed Kidiri's illusion
  4380 | D        | Killed Mara
  4380 | D        | Received a gift from Okawaru
  4380 | D        | Reached skill level 23 in Maces & Flails
  4381 | D        | Got a heavy robe {god gift}
  4640 | D        | Noticed Nikola
  4642 | D        | Noticed Frederick
  4657 | D        | Killed Nikola
  4659 | D        | Noticed Jory
  4661 | D        | HP: 4/149 [something/bolt of cold (36)]
  4667 | D        | Killed Frederick
  4684 | D        | Killed Jory
  4684 | D        | Reached skill level 15 in Invocations
  4788 | D        | Noticed Mennas
  4861 | D        | Killed Mennas
  4861 | D        | Reached skill level 24 in Armour
  5091 | D        | Noticed Norris
  5123 | D        | Killed Norris
  5123 | D        | Reached XP level 16. HP: 65/159 MP: 18/26
  5464 | D        | Got the +0 pair of gloves "Naulimuh" {Str+8}
  5645 | D        | Noticed a swamp dragon
  5645 | D        | Noticed a six-headed hydra
  5645 | D        | Noticed a swamp dragon
  5645 | D        | Noticed a seven-headed hydra
  5645 | D        | Noticed a swamp dragon
  5645 | D        | Noticed a six-headed hydra
  5649 | D        | Killed a six-headed hydra
  5650 | D        | Noticed a vampire mosquito
  5652 | D        | Killed a swamp dragon
  5653 | D        | Killed a seven-headed hydra
  5654 | D        | Noticed a swamp dragon
  5654 | D        | Noticed a swamp dragon
  5659 | D        | Killed a swamp dragon
  5660 | D        | Noticed a four-headed hydra
  5661 | D        | Noticed a four-headed hydra
  5661 | D        | Killed a six-headed hydra
  5664 | D        | Killed a swamp dragon
  5665 | D        | Noticed a swamp dragon
  5666 | D        | Noticed a swamp dragon
  5668 | D        | Killed a vampire mosquito
  5670 | D        | Killed a swamp dragon
  5670 | D        | Received a gift from Okawaru
  5671 | D        | Got a smoking mace {god gift}
  5674 | D        | Killed a swamp dragon
  5677 | D        | Killed a four-headed hydra
  5680 | D        | Killed a four-headed hydra
  5685 | D        | Killed a swamp dragon
  5690 | D        | Killed a swamp dragon
  5693 | D        | Got a decaying rune of Zot
  5728 | D        | Noticed a redback
  5728 | D        | Noticed a moth of wrath
  5728 | D        | Noticed a redback
  5728 | D        | Noticed a wolf spider
  5728 | D        | Noticed an emperor scorpion
  5728 | D        | Noticed an emperor scorpion
  5733 | D        | Killed an emperor scorpion
  5752 | D        | Killed an emperor scorpion
  5757 | D        | Killed a wolf spider
  5758 | D        | Noticed an emperor scorpion
  5761 | D        | Killed a redback
  5765 | D        | Killed a moth of wrath
  5767 | D        | Killed a redback
  5768 | D        | Noticed an emperor scorpion
  5771 | D        | Killed a ghost moth
  5787 | D        | Killed an emperor scorpion
  5787 | D        | Reached skill level 25 in Shields
  5788 | D        | Noticed an emperor scorpion
  5793 | D        | Killed a ghost moth
  5804 | D        | Killed an emperor scorpion
  5814 | D        | Killed an emperor scorpion
  5815 | D        | Noticed a moth of wrath
  5818 | D        | Noticed a wolf spider
  5819 | D        | Killed a moth of wrath
  5823 | D        | Killed a wolf spider
  5827 | D        | Got a gossamer rune of Zot
  5837 | D        | Gained mutation: Your mind is acute. (Int +2) [mutagenic meat]
  5840 | D        | Lost mutation: Your body sometimes deteriorates upon taking damage. [mutagenic meat]
  5935 | D        | Identified the +0 mace "Hasmid" {pain, Str+3 Dex+2} (Okawaru gifted it to you in the Dungeon)
  5941 | D        | Noticed a merfolk javelineer
  5941 | D        | Noticed a merfolk impaler
  5941 | D        | Noticed a merfolk impaler
  5941 | D        | Noticed a merfolk javelineer
  5941 | D        | Noticed a merfolk aquamancer
  5941 | D        | Noticed a merfolk impaler
  5948 | D        | Noticed Ilsuiw
  5948 | D        | Killed a merfolk aquamancer
  5949 | D        | Killed a merfolk impaler
  5951 | D        | Noticed a merfolk aquamancer
  5951 | D        | Noticed a merfolk javelineer
  5958 | D        | Killed a merfolk javelineer
  5959 | D        | Noticed a merfolk
  5960 | D        | Noticed a merfolk aquamancer
  5971 | D        | Killed Ilsuiw
  5976 | D        | Killed a merfolk javelineer
  5980 | D        | Killed a merfolk aquamancer
  5983 | D        | Noticed a merfolk aquamancer
  5985 | D        | Killed a merfolk impaler
  5986 | D        | Noticed a merfolk aquamancer
  5990 | D        | Killed a merfolk aquamancer
  5995 | D        | Killed a merfolk javelineer
  5999 | D        | Killed a merfolk aquamancer
  6007 | D        | Killed a merfolk aquamancer
  6014 | D        | Killed a merfolk impaler
  6023 | D        | Killed a merfolk
  6032 | D        | Got a barnacled rune of Zot
  6154 | D        | Noticed a guardian serpent
  6154 | D        | Noticed a greater naga
  6154 | D        | Noticed a greater naga
  6154 | D        | Noticed a naga
  6154 | D        | Noticed a greater naga
  6154 | D        | Noticed a greater naga
  6155 | D        | Noticed a naga mage
  6165 | D        | Killed a greater naga
  6166 | D        | Noticed a greater naga
  6173 | D        | Killed a greater naga
  6174 | D        | Noticed a greater naga
  6179 | D        | Noticed a greater naga
  6187 | D        | Killed a greater naga
  6188 | D        | Noticed a guardian serpent
  6189 | D        | Noticed a greater naga
  6198 | D        | Killed a greater naga
  6198 | D        | Reached skill level 26 in Shields
  6200 | D        | Killed a naga
  6202 | D        | Killed a guardian serpent
  6204 | D        | Noticed a greater naga
  6209 | D        | Killed a greater naga
  6214 | D        | Killed a greater naga
  6219 | D        | Killed a greater naga
  6226 | D        | Killed a greater naga
  6233 | D        | Killed a greater naga
  6236 | D        | Killed a naga mage
  6236 | D        | Received a gift from Okawaru
  6244 | D        | Killed a guardian serpent
  6252 | D        | Got a serpentine rune of Zot
  6267 | D        | Gained mutation: Your flesh is cold resistant. [mutagenic meat]
  6545 | D        | Noticed a vault guard
  6545 | D        | Noticed a vault guard
  6545 | D        | Noticed a vault guard
  6545 | D        | Noticed a vault guard
  6545 | D        | Noticed a vault guard
  6545 | D        | Noticed a vault guard
  6546 | D        | Noticed a vault guard
  6550 | D        | Killed a vault guard
  6551 | D        | Noticed a vault guard
  6555 | D        | Killed a vault guard
  6562 | D        | Killed a vault guard
  6563 | D        | Noticed a vault guard
  6564 | D        | Noticed a vault guard
  6567 | D        | Killed a vault guard
  6568 | D        | Noticed a vault guard
  6574 | D        | Killed a vault guard
  6577 | D        | Killed a vault guard
  6577 | D        | Reached XP level 17. HP: 170/170 MP: 21/28
  6579 | D        | Noticed a vault guard
  6583 | D        | Noticed a vault guard
  6583 | D        | Killed a vault guard
  6587 | D        | Noticed a vault guard
  6590 | D        | Killed a vault guard
  6591 | D        | Noticed a vault guard
  6594 | D        | Killed a vault guard
  6595 | D        | Noticed a vault guard
  6599 | D        | Killed a vault guard
  6602 | D        | Killed a vault guard
  6606 | D        | Noticed a vault guard
  6608 | D        | Killed a vault guard
  6610 | D        | Noticed a vault guard
  6611 | D        | Noticed a vault guard
  6612 | D        | Killed a vault guard
  6615 | D        | Noticed a vault guard
  6618 | D        | Killed a vault guard
  6622 | D        | Noticed a vault guard
  6622 | D        | Killed a vault guard
  6624 | D        | Killed a vault guard
  6624 | D        | Reached skill level 27 in Shields
  6628 | D        | Killed a vault guard
  6631 | D        | Killed a vault guard
  6631 | D        | Reached skill level 27 in Armour
  6642 | D        | Killed a vault guard
  6642 | D        | Reached skill level 27 in Maces & Flails
  6646 | D        | Killed a vault guard
  6648 | D        | Killed a vault guard
  6649 | D        | Noticed a vault guard
  6650 | D        | Noticed a vault guard
  6651 | D        | Noticed a vault guard
  6651 | D        | Noticed a vault guard
  6656 | D        | Killed a vault guard
  6664 | D        | Killed a vault guard
  6677 | D        | Killed a vault guard
  6680 | D        | Killed a vault guard
  6792 | D        | Noticed a war gargoyle
  6792 | D        | Noticed an ironbrand convoker
  6792 | D        | Noticed a vault warden
  6792 | D        | Noticed an ogre mage
  6792 | D        | Noticed a vault sentinel
  6792 | D        | Noticed a vault sentinel
  6793 | D        | Noticed an ironheart preserver
  6796 | D        | Killed a vault sentinel
  6797 | D        | Noticed a crystal guardian
  6799 | D        | Killed a vault sentinel
  6800 | D        | Noticed an ironbrand convoker
  6805 | D        | Killed a vault warden
  6806 | D        | Noticed a yaktaur captain
  6808 | D        | Killed an ogre mage
  6809 | D        | Noticed a deep elf fighter
  6811 | D        | Killed an ironbrand convoker
  6813 | D        | Killed a war gargoyle
  6814 | D        | Noticed a wolf spider
  6818 | D        | Killed an ironheart preserver
  6819 | D        | Noticed a shadow dragon
  6820 | D        | Noticed a shadow dragon
  6823 | D        | Killed a crystal guardian
  6825 | D        | Killed an ironbrand convoker
  6827 | D        | Noticed a frost giant
  6828 | D        | Noticed a redback
  6830 | D        | Killed a yaktaur captain
  6832 | D        | Killed a deep elf fighter
  6833 | D        | Noticed an ironbrand convoker
  6835 | D        | Killed a wolf spider
  6843 | D        | Noticed a tentacled monstrosity
  6843 | D        | Noticed a guardian mummy
  6845 | D        | Killed a shadow dragon
  6850 | D        | Killed a shadow dragon
  6854 | D        | Killed a tentacled monstrosity
  6854 | D        | Received a gift from Okawaru
  6854 | D        | Reached skill level 27 in Dodging
  6860 | D        | Killed a frost giant
  6864 | D        | Killed a redback
  6866 | D        | Killed an ironbrand convoker
  6871 | D        | Killed a guardian mummy
  6883 | D        | Identified the Compendium of the Frostbite (You found it in the Dungeon)
  7042 | D        | Noticed a shadow dragon
  7042 | D        | Noticed a titan
  7042 | D        | Noticed a quicksilver dragon
  7042 | D        | Noticed a shadow dragon
  7042 | D        | Noticed a shadow dragon
  7042 | D        | Noticed an ironbrand convoker
  7043 | D        | Noticed a shadow dragon
  7054 | D        | Killed a shadow dragon
  7055 | D        | Noticed a yaktaur captain
  7064 | D        | Killed a shadow dragon
  7065 | D        | Noticed a hornet
  7072 | D        | Killed a quicksilver dragon
  7075 | D        | Killed an ironbrand convoker
  7080 | D        | Killed a titan
  7088 | D        | Killed a shadow dragon
  7092 | D        | Killed a shadow dragon
  7098 | D        | Killed a yaktaur captain
  7101 | D        | Killed a hornet
  7112 | D        | Got a silver rune of Zot
  7648 | D        | Got the ring of Zeke {rC+ Str+4 Int+3 Dex+2}
  7650 | D        | Got the ring "Hero's Friend" {rElec rC+ Str+8 Dex-3}
  7652 | D        | Got the amulet "Fosiys" {rCorr +Inv MP+9 Int+3 Slay-5}
  7656 | D        | Got the ring of Mimy {rC+ Str+5}
  7816 | D        | Noticed a troll
  7816 | D        | Noticed a basilisk
  7816 | D        | Noticed an orc warrior
  7816 | D        | Noticed a salamander stormcaller
  7816 | D        | Noticed a giant frog
  7819 | D        | Noticed a troll
  7823 | D        | Killed a giant frog
  7824 | D        | Noticed a water moccasin
  7826 | D        | Killed a salamander stormcaller
  7826 | D        | Reached skill level 1 in Throwing
  7829 | D        | Killed an orc warrior
  7830 | D        | Noticed a crimson imp
  7832 | D        | Killed a basilisk
  7845 | D        | Killed a troll
  7847 | D        | Killed a troll
  7848 | D        | Killed a water moccasin
  7850 | D        | Killed a crimson imp
  7870 | D        | Noticed a storm dragon
  7870 | D        | Noticed a golden dragon
  7870 | D        | Noticed a mottled dragon
  7870 | D        | Noticed a fire dragon
  7870 | D        | Noticed a mottled dragon
  7870 | D        | Noticed an ice dragon
  7871 | D        | Noticed a bone dragon
  7881 | D        | Killed an ice dragon
  7882 | D        | Noticed a white draconian
  7886 | D        | Killed a fire dragon
  7887 | D        | Noticed a black draconian
  7888 | D        | Killed a mottled dragon
  7893 | D        | Killed a golden dragon
  7893 | D        | Reached skill level 5 in Throwing
  7899 | D        | Killed a bone dragon
  7901 | D        | Noticed a mottled draconian
  7901 | D        | Killed a mottled dragon
  7905 | D        | Noticed a red draconian
  7911 | D        | Noticed a yellow draconian
  7911 | D        | Killed a storm dragon
  7917 | D        | Killed a white draconian
  7921 | D        | Killed a black draconian
  7921 | D        | Received a gift from Okawaru
  7921 | D        | Reached XP level 18. HP: 158/196 MP: 31/31
  7924 | D        | Killed a mottled draconian
  7930 | D        | Killed a red draconian
  7936 | D        | Killed a yellow draconian
  8029 | D        | Noticed a green draconian zealot
  8029 | D        | Noticed a purple draconian scorcher
  8029 | D        | Noticed a red draconian
  8029 | D        | Noticed an electric golem
  8029 | D        | Noticed a moth of wrath
  8029 | D        | Noticed a white draconian
  8033 | D        | Killed a white draconian
  8034 | D        | Noticed a moth of wrath
  8039 | D        | Killed a moth of wrath
  8056 | D        | Killed an electric golem
  8058 | D        | Killed a red draconian
  8073 | D        | Killed a purple draconian scorcher
  8073 | D        | Reached skill level 27 in Fighting
  8079 | D        | Killed a green draconian zealot
  8081 | D        | Killed a moth of wrath
  8081 | D        | Reached skill level 10 in Throwing
  8108 | D        | Noticed a mottled draconian caller
  8108 | D        | Noticed a fire dragon
  8108 | D        | Noticed a moth of wrath
  8108 | D        | Noticed a green draconian
  8108 | D        | Noticed a storm dragon
  8109 | D        | Noticed a mottled draconian
  8112 | D        | Killed a storm dragon
  8118 | D        | Killed a green draconian
  8123 | D        | Killed a moth of wrath
  8124 | D        | Noticed a fire dragon
  8128 | D        | Killed a fire dragon
  8132 | D        | Killed a mottled draconian caller
  8136 | D        | Killed a mottled draconian
  8141 | D        | Killed a fire dragon
  8186 | D        | Noticed a black draconian knight
  8186 | D        | Noticed a death cob
  8186 | D        | Noticed a yellow draconian monk
  8186 | D        | Noticed an ice dragon
  8186 | D        | Noticed a black draconian zealot
  8186 | D        | Noticed a black draconian
  8187 | D        | Noticed a moth of wrath
  8193 | D        | Killed a black draconian
  8194 | D        | Noticed a death cob
  8198 | D        | Killed a black draconian zealot
  8199 | D        | Noticed a moth of wrath
  8203 | D        | Killed an ice dragon
  8213 | D        | Killed a yellow draconian monk
  8220 | D        | Killed a death cob
  8232 | D        | Killed a black draconian knight
  8235 | D        | Killed a moth of wrath
  8241 | D        | Killed a death cob
  8244 | D        | Killed a moth of wrath
  8436 | D        | Noticed a mottled draconian
  8436 | D        | Noticed a storm dragon
  8436 | D        | Noticed a yellow draconian caller
  8436 | D        | Noticed a mottled draconian
  8436 | D        | Noticed a storm dragon
  8437 | D        | Noticed a green draconian
  8441 | D        | Killed a storm dragon
  8442 | D        | Noticed a storm dragon
  8444 | D        | Noticed a red draconian
  8446 | D        | Killed a yellow draconian caller
  8448 | D        | Killed a mottled draconian
  8451 | D        | Killed a storm dragon
  8451 | D        | Reached skill level 15 in Throwing
  8463 | D        | Killed a mottled draconian
  8470 | D        | Killed a green draconian
  8470 | D        | Reached skill level 5 in Evocations
  8476 | D        | Killed a storm dragon
  8482 | D        | Killed a red draconian
  8683 | D        | Noticed an Orb Guardian
  8683 | D        | Noticed an Orb Guardian
  8683 | D        | Noticed an Orb Guardian
  8683 | D        | Noticed an Orb Guardian
  8683 | D        | Noticed an Orb Guardian
  8683 | D        | Noticed an Orb Guardian
  8686 | D        | Killed an Orb Guardian
  8686 | D        | Received a gift from Okawaru
  8687 | D        | Got an iridescent dire flail {god gift}
  8688 | D        | Noticed an Orb Guardian
  8696 | D        | Killed an Orb Guardian
  8701 | D        | Killed an Orb Guardian
  8704 | D        | Noticed an Orb Guardian
  8704 | D        | Killed an Orb Guardian
  8713 | D        | Killed an Orb Guardian
  8720 | D        | Killed an Orb Guardian
  8720 | D        | Reached skill level 10 in Evocations
  8723 | D        | Killed an Orb Guardian
  8724 | D        | Noticed an Orb Guardian
  8732 | D        | Killed an Orb Guardian
  8733 | D        | Noticed an Orb Guardian
  8744 | D        | Killed an Orb Guardian
  8754 | D        | Killed an Orb Guardian
  8786 | D        | Noticed a tentacled monstrosity
  8786 | D        | Noticed a moth of wrath
  8786 | D        | Noticed an Orb Guardian
  8786 | D        | Noticed an Orb Guardian
  8786 | D        | Noticed a moth of wrath
  8786 | D        | Noticed a shadow dragon
  8787 | D        | Noticed an Orb Guardian
  8797 | D        | Killed a shadow dragon
  8797 | D        | Received a gift from Okawaru
  8803 | D        | Killed an Orb Guardian
  8806 | D        | Noticed an Orb Guardian
  8807 | D        | Killed an Orb Guardian
  8813 | D        | Killed a tentacled monstrosity
  8813 | D        | Reached XP level 19. HP: 205/207 MP: 35/35
  8820 | D        | Killed an Orb Guardian
  8830 | D        | Killed an Orb Guardian
  8831 | D        | Killed a moth of wrath
  8835 | D        | Killed a moth of wrath
  8872 | D        | Noticed an ancient lich
  8879 | D        | Killed an ancient lich
  8881 | D        | Noticed an orb of fire
  8889 | D        | Killed an orb of fire
  8889 | D        | Reached skill level 27 in Invocations
  8889 | D        | Reached skill level 15 in Evocations
  8892 | D        | Noticed an electric golem
  8904 | D        | Killed an electric golem
 10709 | D        | Fell from the grace of Okawaru
 10709 | D        | Became a worshipper of the Shining One
 12202 | D        | Noticed an ancient lich
 12202 | D        | Noticed an orb of fire
 12202 | D        | Noticed an Orb Guardian
 12202 | D        | Reached * piety under the Shining One
 12202 | D        | Noticed an ice dragon
 12202 | D        | Noticed an ancient lich
 12202 | D        | Noticed a moth of wrath
 12202 | D        | Reached ** piety under the Shining One
 12203 | D        | Killed a moth of wrath
 12206 | D        | Noticed a moth of wrath
 12208 | D        | Noticed an orb of fire
 12212 | D        | Killed an ancient lich
 12226 | D        | Killed an orb of fire
 12231 | D        | Killed an ice dragon
 12247 | D        | Killed an ancient lich
 12247 | D        | Reached *** piety under the Shining One
 12251 | D        | Noticed an orb of fire
 12254 | D        | Lost mutation: Your mind is acute. (Int +2) [an orb of fire]
 12256 | D        | Killed an orb of fire
 12274 | D        | Killed an orb of fire
 12276 | D        | Noticed a ghost moth
 12282 | D        | Killed an Orb Guardian
 12284 | D        | Killed a moth of wrath
 12285 | D        | Noticed a ghost moth
 12287 | D        | Killed a ghost moth
 12291 | D        | Killed a ghost moth
 12304 | D        | Gained mutation: Your muscles are very strong. (Str +4) [mutagenic meat]
 12575 | D        | Noticed a storm dragon
 12576 | D        | Noticed an ancient lich
 12576 | D        | Reached **** piety under the Shining One
 12577 | D        | Noticed an electric golem
 12584 | D        | Killed an ancient lich
 12586 | D        | Killed a storm dragon
 12602 | D        | Killed an electric golem
 12640 | D        | Noticed an Orb Guardian
 12640 | D        | Noticed an Orb Guardian
 12640 | D        | Noticed an Orb Guardian
 12640 | D        | Reached ***** piety under the Shining One
 12640 | D        | Noticed an Orb Guardian
 12640 | D        | Noticed an Orb Guardian
 12640 | D        | Noticed an Orb Guardian
 12643 | D        | Killed an Orb Guardian
 12643 | D        | Reached XP level 20. HP: 216/216 MP: 36/36
 12646 | D        | Killed an Orb Guardian
 12647 | D        | Noticed a moth of wrath
 12651 | D        | Killed an Orb Guardian
 12656 | D        | Killed an Orb Guardian
 12663 | D        | Killed an Orb Guardian
 12663 | D        | Reached skill level 27 in Throwing
 12675 | D        | Killed an Orb Guardian
 12677 | D        | Killed a moth of wrath
 12679 | D        | Noticed an Orb Guardian
 12680 | D        | Noticed an Orb Guardian
 12681 | D        | Noticed an Orb Guardian
 12685 | D        | Killed an Orb Guardian
 12690 | D        | Killed an Orb Guardian
 12692 | D        | Noticed an Orb Guardian
 12692 | D        | Killed an Orb Guardian
 12694 | D        | Noticed an Orb Guardian
 12696 | D        | Killed an Orb Guardian
 12697 | D        | Noticed a moth of wrath
 12702 | D        | Killed an Orb Guardian
 12705 | D        | Killed a moth of wrath
 12706 | D        | Noticed an Orb Guardian
 12715 | D        | Killed an Orb Guardian
 12969 | D        | Noticed an ancient lich
 12969 | D        | Noticed a vampire knight
 12969 | D        | Reached ****** piety under the Shining One
 12969 | D        | Noticed a vampire knight
 12969 | D        | Noticed a vampire knight
 12969 | D        | Noticed a vampire knight
 12969 | D        | Noticed an ancient lich
 12977 | D        | Noticed a vampire knight
 12977 | D        | Killed an ancient lich
 12980 | D        | Noticed a vampire knight
 12980 | D        | Killed a vampire knight
 12984 | D        | Noticed a vampire knight
 12985 | D        | Killed a vampire knight
 12987 | D        | Noticed a vampire knight
 12988 | D        | Killed a vampire knight
 12989 | D        | Paralysed by a vampire knight for 7 turns
 12995 | D        | Noticed a vampire knight
 12997 | D        | Identified a +9 morningstar of holy wrath (a +7 morningstar of crushing blessed by the Shining One)
 12997 | D        | Received a gift from the Shining One
 12997 | D        | Killed a vampire knight
 12998 | D        | Killed a vampire knight
 12998 | D        | Killed a vampire knight
 13000 | D        | Killed an ancient lich
 13000 | D        | Reached skill level 27 in Evocations
 13000 | D        | Paralysed by a vampire knight for 3 turns
 13008 | D        | Killed a vampire knight
 13009 | D        | Killed a vampire knight
 13013 | D        | Killed a vampire knight
 13144 | D        | Noticed a spriggan baker
 13144 | D        | Noticed a spriggan baker
 13144 | D        | Noticed a spriggan baker
 13144 | D        | Noticed a spriggan baker
 13144 | D        | Noticed a spriggan baker
 13144 | D        | Noticed a spriggan baker
 13145 | D        | Killed a spriggan baker
 13146 | D        | Killed a spriggan baker
 13147 | D        | Noticed a spriggan baker
 13148 | D        | Noticed a spriggan baker
 13148 | D        | Killed a spriggan baker
 13150 | D        | Noticed a spriggan baker
 13151 | D        | Killed a spriggan baker
 13152 | D        | Noticed a spriggan baker
 13152 | D        | Killed a spriggan baker
 13152 | D        | Reached skill level 10 in Stealth
 13153 | D        | Killed a spriggan baker
 13154 | D        | Noticed a spriggan baker
 13155 | D        | Killed a spriggan baker
 13156 | D        | Killed a spriggan baker
 13157 | D        | Killed a spriggan baker
 13160 | D        | Killed a spriggan baker
 13162 | D        | Killed a spriggan baker
 13187 | D        | Noticed a deep elf blademaster
 13187 | D        | Noticed a deep elf death mage
 13187 | D        | Noticed a deep elf annihilator
 13187 | D        | Noticed a deep elf sorcerer
 13187 | D        | Noticed a deep elf death mage
 13187 | D        | Noticed a deep elf annihilator
 13188 | D        | Killed a deep elf annihilator
 13189 | D        | Noticed a deep elf blademaster
 13191 | D        | Killed a deep elf death mage
 13192 | D        | Noticed a deep elf sorcerer
 13193 | D        | Noticed a deep elf annihilator
 13202 | D        | Killed a deep elf annihilator
 13203 | D        | Killed a ghostly deep elf annihilator
 13205 | D        | Killed a deep elf blademaster
 13210 | D        | Killed a deep elf blademaster
 13216 | D        | Killed a deep elf death mage
 13220 | D        | Killed a deep elf annihilator
 13221 | D        | Noticed a deep elf high priest
 13224 | D        | Noticed a deep elf demonologist
 13225 | D        | Killed a deep elf sorcerer
 13226 | D        | Killed a deep elf sorcerer
 13226 | D        | Reached skill level 15 in Stealth
 13231 | D        | Noticed a deep elf sorcerer
 13232 | D        | Noticed a deep elf sorcerer
 13236 | D        | Killed a deep elf demonologist
 13238 | D        | Killed a deep elf sorcerer
 13243 | D        | Killed a deep elf sorcerer
 13248 | D        | Killed a deep elf high priest
 13250 | D        | Noticed a deep elf master archer
 13256 | D        | Killed a deep elf master archer
 13264 | D        | Got an elven rune of Zot
 13323 | D        | Noticed an acid blob
 13323 | D        | Noticed an acid blob
 13323 | D        | Noticed an acid blob
 13323 | D        | Noticed an acid blob
 13323 | D        | Noticed an azure jelly
 13323 | D        | Noticed an azure jelly
 13330 | D        | Killed an acid blob
 13333 | D        | Killed an azure jelly
 13336 | D        | Killed an acid blob
 13337 | D        | Noticed an acid blob
 13340 | D        | Killed an acid blob
 13341 | D        | Noticed an acid blob
 13346 | D        | Killed an acid blob
 13349 | D        | Killed an acid blob
 13351 | D        | Noticed an acid blob
 13351 | D        | Killed an azure jelly
 13357 | D        | Killed an acid blob
 13366 | D        | Killed an acid blob
 13368 | D        | Noticed the royal jelly
 13388 | D        | Killed the royal jelly
 13388 | D        | Reached XP level 21. HP: 140/224 MP: 37/37
 13414 | D        | Noticed an acid blob
 13415 | D        | Noticed a golden eye
 13416 | D        | Noticed an acid blob
 13419 | D        | Killed an acid blob
 13424 | D        | Paralysed by a giant eyeball for 3 turns
 13432 | D        | Killed a golden eye
 13434 | D        | Noticed a death ooze
 13434 | D        | Killed an acid blob
 13439 | D        | Killed a death ooze
 13440 | D        | Noticed an acid blob
 13441 | D        | Noticed an acid blob
 13444 | D        | Noticed an acid blob
 13447 | D        | Noticed a death ooze
 13447 | D        | Killed an acid blob
 13449 | D        | Killed an acid blob
 13452 | D        | Killed an acid blob
 13454 | D        | Killed a death ooze
 13590 | D        | Got a slimy rune of Zot
 13679 | D        | Noticed a sphinx
 13679 | D        | Noticed a sphinx
 13679 | D        | Noticed a sphinx
 13679 | D        | Noticed a sphinx
 13679 | D        | Noticed a sphinx
 13681 | D        | Noticed a sphinx
 13681 | D        | Killed a sphinx
 13682 | D        | Killed a sphinx
 13682 | D        | Killed a sphinx
 13683 | D        | Killed a sphinx
 13683 | D        | Killed a sphinx
 13684 | D        | Noticed a sphinx
 13684 | D        | Killed a sphinx
 13684 | D        | Killed a sphinx
 13686 | D        | Noticed a sphinx
 13687 | D        | Noticed a sphinx
 13693 | D        | Noticed a sphinx
 13694 | D        | Noticed a sphinx
 13699 | D        | Killed a sphinx
 13700 | D        | Killed a sphinx
 13702 | D        | Killed a sphinx
 13702 | D        | Reached skill level 27 in Stealth
 13705 | D        | Killed a sphinx
 13705 | D        | Reached skill level 5 in Unarmed Combat
 13772 | D        | Noticed a guardian mummy
 13772 | D        | Noticed a guardian mummy
 13772 | D        | Noticed a guardian mummy
 13772 | D        | Noticed a guardian mummy
 13772 | D        | Noticed a guardian mummy
 13774 | D        | Killed a guardian mummy
 13774 | D        | Killed a guardian mummy
 13774 | D        | Killed a guardian mummy
 13775 | D        | Noticed a guardian mummy
 13775 | D        | Killed a guardian mummy
 13776 | D        | Killed a guardian mummy
 13777 | D        | Killed a guardian mummy
 13778 | D        | Noticed a guardian mummy
 13779 | D        | Killed a guardian mummy
 13781 | D        | Noticed a guardian mummy
 13782 | D        | Noticed a guardian mummy
 13784 | D        | Killed a guardian mummy
 13789 | D        | Killed a guardian mummy
 13968 | D        | Noticed a guardian mummy
 13968 | D        | Noticed a mummy priest
 13968 | D        | Noticed a guardian mummy
 13968 | D        | Noticed a guardian mummy
 13968 | D        | Noticed a guardian mummy
 13969 | D        | Noticed a guardian mummy
 13970 | D        | Killed a guardian mummy
 13971 | D        | Killed a guardian mummy
 13972 | D        | Killed a guardian mummy
 13973 | D        | Killed a mummy priest
 13973 | D        | Reached skill level 5 in Spellcasting
 13973 | D        | Killed a guardian mummy
 13975 | D        | Noticed a guardian mummy
 13978 | D        | Killed a guardian mummy
 13980 | D        | Killed a guardian mummy
 14236 | D        | Noticed a greater mummy
 14236 | D        | Noticed a guardian mummy
 14236 | D        | Noticed a greater mummy
 14236 | D        | Noticed a greater mummy
 14236 | D        | Noticed a greater mummy
 14236 | D        | Noticed a greater mummy
 14240 | D        | Killed a greater mummy
 14240 | D        | Reached skill level 10 in Unarmed Combat
 14242 | D        | Noticed a guardian mummy
 14628 | D        | Killed a greater mummy
 14708 | D        | Killed a greater mummy
 14741 | D        | Killed a greater mummy
 14741 | D        | Reached skill level 10 in Spellcasting
 14917 | D        | Killed a guardian mummy
 14943 | D        | Noticed a greater mummy
 14944 | D        | Killed a greater mummy
 14946 | D        | Killed a guardian mummy
 14960 | D        | Killed a greater mummy
 15139 | D        | Noticed a greater mummy
 15144 | D        | Killed a greater mummy
 15264 | D        | Got a golden rune of Zot
 15269 | D        | Noticed a wandering mushroom
 15269 | D        | Noticed a small abomination
 15269 | D        | Noticed a small abomination
 15269 | D        | Noticed a large abomination
 15269 | D        | Noticed a raiju
 15269 | D        | Noticed an ancient zyme
 15270 | D        | Killed an ancient zyme
 15272 | D        | Killed a raiju
 15275 | D        | Killed a large abomination
 15277 | D        | Killed a small abomination
 15278 | D        | Killed a small abomination
 15279 | D        | Noticed a quasit
 15281 | D        | Noticed an ancient zyme
 15282 | D        | Noticed a flying skull
 15285 | D        | Killed a wandering mushroom
 15288 | D        | Killed a quasit
 15291 | D        | Killed an ancient zyme
 15294 | D        | Killed a flying skull
 15299 | D        | Got an abyssal rune of Zot
 15502 | D        | Noticed Geryon
 15512 | D        | Killed Geryon
 15548 | D        | Noticed Lom Lobon
 15548 | D        | Noticed Gloorx Vloq
 15549 | D        | Noticed Dispater
 15574 | D        | HP: 11/224 [??? (3)]
 15574 | D        | Killed Gloorx Vloq
 15777 | D        | Killed Ereshkigal
 15921 | D        | Killed from afar by Lom Lobon

Vault maps used:
D:        linesprint

Action                   |  1- 3 |  4- 6 |  7- 9 | 10-12 | 13-15 | 16-18 | 19-21 || total
-------------------------+-------+-------+-------+-------+-------+-------+-------++-------
Melee: Flail             |    20 |    12 |       |       |       |       |       ||    32
       Morningstar       |       |    13 |    32 |   330 |    49 |   676 |   590 ||  1690
       Mace              |       |       |       |       |   605 |   151 |       ||   756
Throw: Throwing net      |       |       |       |       |     1 |       |       ||     1
       Javelin           |       |       |       |       |       |       |    23 ||    23
Invok: Heroism           |       |       |     2 |     9 |    12 |    13 |     1 ||    37
       Finesse           |       |       |     1 |     9 |    12 |    13 |     1 ||    36
       Divine Shield     |       |       |       |       |       |       |    11 ||    11
       Cleansing Flame   |       |       |       |       |       |       |     6 ||     6
       Brand Weapon With |       |       |       |       |       |       |     1 ||     1
       Summon Divine War |       |       |       |       |       |       |     1 ||     1
 Abil: Evoke Invisibilit |       |       |       |       |       |     7 |     1 ||     8
  Use: Potion            |       |       |       |     1 |    12 |     3 |     9 ||    25
       Scroll            |       |       |       |       |       |    16 |     3 ||    19
 Stab: Confused          |       |       |       |       |     1 |       |       ||     1
       Invisible         |       |       |       |       |       |    22 |       ||    22
       Petrifying        |       |       |       |       |       |     1 |       ||     1
       Sleeping          |       |       |       |       |       |       |     1 ||     1
  Eat: Chunk             |       |       |       |     6 |    20 |    13 |     5 ||    44
       Beef jerky        |       |       |       |     1 |       |       |       ||     1
       Bread ration      |       |       |       |       |     2 |     4 |     5 ||    11
